TOP OF THE 1ST |
Cincinnati Reds batting - Pitching for San Francisco Giants : RHP Pablo Lopez
|
Pitching: RHP Pablo Lopez
|
|
Batting: RHB Trea Turner
|
0-0: Called Strike 0-1: Ball 1-1: Foul Ball, location: 2F 1-2: Strikes out swinging
|
Batting: LHB Robinson Cano
|
0-0: Ball 1-0: Called Strike 1-1: Ground out 3-1 (Groundball, 34, EV 91.9 MPH)
|
Batting: RHB Gio Urshela
|
0-0: Called Strike 0-1: Called Strike 0-2: Ball 1-2: Strikes out swinging
|
Top of the 1st over - 0 runs, 0 hits, 0 errors, 0 left on base; Cincinnati 0 - San Francisco 0 |
BOTTOM OF THE 1ST |
San Francisco Giants batting - Pitching for Cincinnati Reds : RHP Danny Salazar
|
Pitching: RHP Danny Salazar
|
|
Batting: LHB Cavan Biggio
|
0-0: Called Strike 0-1: Ball 1-1: Foul Ball, location: 2F 1-2: SINGLE (Line Drive, 6M, EV 95.6 MPH)
|
Batting: RHB Tim Anderson
|
0-0: Fly out, F3 (Popup, 3S, EV 76.3 MPH)
|
Batting: SHB Dexter Fowler
|
0-0: Ball Cavan Biggio steals 2nd base 1-0: Foul Ball, location: 2F 1-1: Fly out, F7 (Flyball, 78S, EV 93.8 MPH)
|
Batting: RHB Welington Castillo
|
0-0: Ball 1-0: Called Strike 1-1: Ball 2-1: SINGLE (Line Drive, 78S, EV 104.4 MPH) Cavan Biggio to third Runner from 3rd tries for Home, SAFE, throw by CF to home
|
Batting: RHB Hunter Dozier
|
0-0: Ball 1-0: Foul Ball, location: 2F 1-1: Ball 2-1: Foul Ball, location: 2F 2-2: Strikes out swinging
|
Bottom of the 1st over - 1 run, 2 hits, 0 errors, 1 left on base; Cincinnati 0 - San Francisco 1 |
TOP OF THE 2ND |
Cincinnati Reds batting - Pitching for San Francisco Giants : RHP Pablo Lopez
|
Batting: LHB Joey Gallo
|
0-0: Ball 1-0: Called Strike 1-1: Called Strike 1-2: Ball 2-2: Strikes out swinging
|
Batting: SHB Adalberto Mondesi
|
0-0: Ball 1-0: Ground out 6-3 (Groundball, 6M, EV 98.1 MPH)
|
Batting: LHB Gregory Polanco
|
0-0: SINGLE (Line Drive, 9S, EV 94.4 MPH)
|
Batting: RHB Kevin Newman
|
0-0: Ball 1-0: Foul Ball, location: 2F 1-1: Ball 2-1: Foul Ball, location: 2F 2-2: Ball 3-2: Strikes out swinging
|
Top of the 2nd over - 0 runs, 1 hit, 0 errors, 1 left on base; Cincinnati 0 - San Francisco 1 |
BOTTOM OF THE 2ND |
San Francisco Giants batting - Pitching for Cincinnati Reds : RHP Danny Salazar
|
Batting: RHB Austin Slater
|
0-0: Foul Ball, location: 2F 0-1: Ball 1-1: Ball 2-1: Ball 3-1: Called Strike 3-2: Foul Ball, location: 2F 3-2: Foul Ball, location: 2F 3-2: Strikes out swinging
|
Batting: RHB Ke'Bryan Hayes
|
0-0: Ball 1-0: Foul Ball, location: 2F 1-1: Foul Ball, location: 2F 1-2: Foul Ball, location: 2F 1-2: SOLO HOME RUN (Flyball, 7D, EV 103.1 MPH), Distance : 413 ft
|
Batting: LHB Estevan Florial
|
0-0: Foul Ball, location: 2F 0-1: Called Strike 0-2: Ball 1-2: Ball 2-2: Foul Ball, location: 2F 2-2: Strikes out looking
|
Batting: LHB Pablo Lopez
|
0-0: Ball 1-0: Ball 2-0: Called Strike 2-1: Foul Ball, location: 2F 2-2: TRIPLE (Line Drive, 9LD, EV 109.4 MPH)
|
Batting: LHB Cavan Biggio
|
0-0: Called Strike 0-1: Called Strike 0-2: Ball 1-2: Ball 2-2: Foul Ball, location: 2F 2-2: Ball 3-2: Base on Balls
|
Batting: RHB Tim Anderson
|
0-0: Fly out, F7 (Flyball, 7LM, EV 95.6 MPH)
|
Bottom of the 2nd over - 1 run, 2 hits, 0 errors, 2 left on base; Cincinnati 0 - San Francisco 2 |
TOP OF THE 3RD |
Cincinnati Reds batting - Pitching for San Francisco Giants : RHP Pablo Lopez
|
Batting: RHB Tomas Nido
|
0-0: Ball 1-0: Ground out 6-3 (Groundball, 6, EV 82.5 MPH)
|
Batting: RHB Danny Salazar
|
0-0: Ball 1-0: Called Strike 1-1: Foul Ball, location: 2F 1-2: Strikes out swinging
|
Batting: RHB Trea Turner
|
0-0: Called Strike 0-1: Called Strike 0-2: Strikes out swinging
|
Top of the 3rd over - 0 runs, 0 hits, 0 errors, 0 left on base; Cincinnati 0 - San Francisco 2 |
BOTTOM OF THE 3RD |
San Francisco Giants batting - Pitching for Cincinnati Reds : RHP Danny Salazar
|
Batting: SHB Dexter Fowler
|
0-0: Called Strike 0-1: Foul Ball, location: 2F 0-2: Ball 1-2: Strikes out swinging
|
Batting: RHB Welington Castillo
|
0-0: Foul Ball, location: 2F 0-1: Foul Ball, location: 2F 0-2: Ball 1-2: Strikes out swinging
|
Batting: RHB Hunter Dozier
|
0-0: Ball 1-0: Ground out 6-3 (Groundball, 6, EV 106.3 MPH)
|
Bottom of the 3rd over - 0 runs, 0 hits, 0 errors, 0 left on base; Cincinnati 0 - San Francisco 2 |
TOP OF THE 4TH |
Cincinnati Reds batting - Pitching for San Francisco Giants : RHP Pablo Lopez
|
Batting: LHB Robinson Cano
|
0-0: Ball 1-0: Called Strike 1-1: Ball 2-1: Ball 3-1: Ground out 4-3 (Groundball, 4, EV 81.3 MPH)
|
Batting: RHB Gio Urshela
|
0-0: Ball 1-0: Ball 2-0: Foul Ball, location: 2F 2-1: Fly out, F9 (Flyball, 9LS, EV 75.6 MPH)
|
Batting: LHB Joey Gallo
|
0-0: Foul Ball, location: 2F 0-1: Ball 1-1: Foul Ball, location: 2F 1-2: Ball 2-2: Strikes out swinging
|
Top of the 4th over - 0 runs, 0 hits, 0 errors, 0 left on base; Cincinnati 0 - San Francisco 2 |
BOTTOM OF THE 4TH |
San Francisco Giants batting - Pitching for Cincinnati Reds : RHP Danny Salazar
|
Batting: RHB Austin Slater
|
0-0: Called Strike 0-1: Ball 1-1: Called Strike 1-2: Ball 2-2: Ball 3-2: Strikes out looking
|
Batting: RHB Ke'Bryan Hayes
|
0-0: Swinging Strike 0-1: Ball 1-1: Swinging Strike 1-2: Ball 2-2: Strikes out swinging
|
Batting: LHB Estevan Florial
|
0-0: Ball 1-0: Called Strike 1-1: Swinging Strike 1-2: Ball 2-2: Foul Ball, location: 2F 2-2: Foul Ball, location: 2F 2-2: Ball 3-2: Strikes out looking
|
Bottom of the 4th over - 0 runs, 0 hits, 0 errors, 0 left on base; Cincinnati 0 - San Francisco 2 |
TOP OF THE 5TH |
Cincinnati Reds batting - Pitching for San Francisco Giants : RHP Pablo Lopez
|
Pitching: RHP Tony Santillan
|
|
Now in CF: Luis Alexander Basabe
|
|
Batting: SHB Adalberto Mondesi
|
0-0: Ground out 4-3 (Groundball, 4, EV 83.8 MPH)
|
Batting: LHB Gregory Polanco
|
0-0: Foul Ball, location: 2F 0-1: Called Strike 0-2: Ball 1-2: Ball 2-2: Strikes out swinging
|
Batting: RHB Kevin Newman
|
0-0: Foul Ball, location: 2F 0-1: Ball 1-1: Ground out 5-3 (Groundball, 56S, EV 81.3 MPH)
|
Top of the 5th over - 0 runs, 0 hits, 0 errors, 0 left on base; Cincinnati 0 - San Francisco 2 |
BOTTOM OF THE 5TH |
San Francisco Giants batting - Pitching for Cincinnati Reds : RHP Danny Salazar
|
Pitching: RHP Oscar De La Cruz
|
|
Now at 2B: Chad Pinder
|
|
Batting: SHB Luis Alexander Basabe
|
0-0: SINGLE (Groundball, 4S, EV 68.8 MPH) (infield hit)
|
Batting: LHB Cavan Biggio
|
0-0: Called Strike Luis Alexander Basabe is caught stealing 2nd base 2-6 0-1: Ball 1-1: Fly out, F8 (Flyball, 8LD, EV 85.0 MPH)
|
Batting: RHB Tim Anderson
|
0-0: Swinging Strike 0-1: Bunt for hit to 3S - play at first, batter OUT! 3-4
|
Bottom of the 5th over - 0 runs, 1 hit, 0 errors, 0 left on base; Cincinnati 0 - San Francisco 2 |
TOP OF THE 6TH |
Cincinnati Reds batting - Pitching for San Francisco Giants : RHP Tony Santillan
|
Batting: RHB Tomas Nido
|
0-0: Ball 1-0: Fly out, F8 (Flyball, 8LM, EV 87.5 MPH)
|
Batting: RHB Chad Pinder
|
0-0: Ball 1-0: Foul Ball, location: 2F 1-1: Ball 2-1: Foul Ball, location: 2F 2-2: Foul Ball, location: 2F 2-2: Ball 3-2: Strikes out swinging
|
Batting: RHB Trea Turner
|
0-0: Ball 1-0: Ball 2-0: SINGLE (Flyball, 56D, EV 83.8 MPH)
|
Batting: LHB Robinson Cano
|
0-0: Ball 1-0: Ball 2-0: Called Strike 2-1: Ball Wild Pitch! Trea Turner to second 3-1: Called Strike 3-2: DOUBLE (Flyball, 89D, EV 106.9 MPH) Trea Turner scores
|
Batting: RHB Gio Urshela
|
0-0: Reached on error, E4 (Groundball, 34, EV 103.1 MPH) Robinson Cano scores
|
Batting: LHB Joey Gallo
|
0-0: Intentional Walk
|
Batting: SHB Adalberto Mondesi
|
0-0: Called Strike 0-1: SINGLE (Groundball, 34D, EV 98.8 MPH) Gio Urshela to third Joey Gallo to second Runner from 3rd tries for Home, SAFE, throw by RF to home
|
Pitching: LHP Sam Selman
|
|
Batting: LHB Gregory Polanco
|
0-0: Called Strike 0-1: Called Strike 0-2: Ball 1-2: Ground out 4-3 (Groundball, 4, EV 78.1 MPH)
|
Top of the 6th over - 3 runs, 3 hits, 1 error, 2 left on base; Cincinnati 3 - San Francisco 2 |
BOTTOM OF THE 6TH |
San Francisco Giants batting - Pitching for Cincinnati Reds : RHP Oscar De La Cruz
|
Batting: SHB Dexter Fowler
|
0-0: Called Strike 0-1: Foul Ball, location: 2F 0-2: Strikes out swinging
|
Batting: RHB Welington Castillo
|
0-0: Called Strike 0-1: Ball 1-1: Ball 2-1: Foul Ball, location: 2F 2-2: Foul Ball, location: 2F 2-2: Foul Ball, location: 2F 2-2: Ground out 6-3 (Groundball, 6S, EV 81.9 MPH)
|
Batting: RHB Hunter Dozier
|
0-0: Foul Ball, location: 2F 0-1: Swinging Strike 0-2: Fly out, F9 (Flyball, 89M, EV 90.6 MPH)
|
Bottom of the 6th over - 0 runs, 0 hits, 0 errors, 0 left on base; Cincinnati 3 - San Francisco 2 |
TOP OF THE 7TH |
Cincinnati Reds batting - Pitching for San Francisco Giants : LHP Sam Selman
|
Pinch Hitting: RHB Jaylin Davis
|
0-0: Ball 1-0: Called Strike 1-1: Ball 2-1: DOUBLE (Groundball, 5L, EV 109.4 MPH)
|
Batting: RHB Tomas Nido
|
0-0: Swinging Strike 0-1: Ball 1-1: Ball 2-1: Called Strike 2-2: Strikes out swinging wild pitch, reaches first! Jaylin Davis to third
|
Batting: RHB Chad Pinder
|
0-0: Foul Ball, location: 2F 0-1: Fly out, F9 (Flyball, 9LM, EV 90.6 MPH) Runner from 3rd tags up, SCORES, throw by RF
|
Pinch Hitting: LHB Dustin Fowler
|
0-0: Swinging Strike 0-1: Swinging Strike 0-2: Ball 1-2: Foul Ball, location: 2F 1-2: Foul Ball, location: 2F 1-2: Strikes out looking
|
Batting: LHB Robinson Cano
|
0-0: Called Strike 0-1: Foul Ball, location: 2F 0-2: Ball 1-2: Ball 2-2: Ball 3-2: Strikes out swinging
|
Top of the 7th over - 1 run, 1 hit, 0 errors, 1 left on base; Cincinnati 4 - San Francisco 2 |
BOTTOM OF THE 7TH |
San Francisco Giants batting - Pitching for Cincinnati Reds : RHP Oscar De La Cruz
|
Pitching: LHP Lewis Thorpe
|
|
Now in LF: Phillip Ervin
|
|
Batting: RHB Austin Slater
|
0-0: Foul Ball, location: 2F 0-1: Called Strike 0-2: Foul Ball, location: 2F 0-2: Ball 1-2: Ball 2-2: Ball 3-2: Fly out, F7 (Flyball, 7, EV 86.3 MPH)
|
Batting: RHB Ke'Bryan Hayes
|
0-0: Called Strike 0-1: Ball 1-1: Ball 2-1: Fly out, F8 (Flyball, 8RD, EV 83.8 MPH)
|
Pinch Hitting: LHB Daniel Palka
|
0-0: Called Strike 0-1: Foul Ball, location: 2F 0-2: Ball 1-2: Ball 2-2: Ball 3-2: Base on Balls
|
Batting: SHB Luis Alexander Basabe
|
0-0: Ball 1-0: Ball 2-0: Swinging Strike 2-1: Called Strike 2-2: Foul Ball, location: 2F 2-2: Ground out 6-3 (Groundball, 6MS, EV 93.8 MPH)
|
Bottom of the 7th over - 0 runs, 0 hits, 0 errors, 1 left on base; Cincinnati 4 - San Francisco 2 |
TOP OF THE 8TH |
Cincinnati Reds batting - Pitching for San Francisco Giants : LHP Sam Selman
|
Pitching: LHP Tony Watson
|
|
Batting: RHB Gio Urshela
|
0-0: Called Strike 0-1: Ball 1-1: Ball 2-1: Fly out, F8 (Flyball, 78S, EV 76.3 MPH)
|
Pinch Hitting: RHB Jose Siri
|
0-0: Swinging Strike 0-1: Foul Ball, location: 2F 0-2: Ball 1-2: Foul Ball, location: 2F 1-2: Ball 2-2: Ball 3-2: Foul Ball, location: 2F 3-2: Ground out 1-3 (Groundball, P, EV 91.9 MPH)
|
Batting: SHB Adalberto Mondesi
|
0-0: Foul Ball, location: 2F 0-1: Ball 1-1: Foul Ball, location: 2F 1-2: Strikes out swinging
|
Top of the 8th over - 0 runs, 0 hits, 0 errors, 0 left on base; Cincinnati 4 - San Francisco 2 |
BOTTOM OF THE 8TH |
San Francisco Giants batting - Pitching for Cincinnati Reds : LHP Lewis Thorpe
|
Now in CF: Jose Siri
|
|
Pinch Hitting: RHB Yairo Munoz
|
0-0: Ball 1-0: Foul Ball, location: 2F 1-1: Swinging Strike 1-2: Fly out, F4 (Popup, 34, EV 61.9 MPH)
|
Batting: RHB Tim Anderson
|
0-0: Fly out, F7 (Flyball, 7, EV 75.6 MPH)
|
Pinch Hitting: RHB Bubba Starling
|
0-0: Ball 1-0: Ground out 4-3 (Groundball, 4M, EV 100.6 MPH)
|
Bottom of the 8th over - 0 runs, 0 hits, 0 errors, 0 left on base; Cincinnati 4 - San Francisco 2 |
TOP OF THE 9TH |
Cincinnati Reds batting - Pitching for San Francisco Giants : LHP Tony Watson
|
Pitching: LHP Steven Brault
|
|
Now at 2B: Yairo Munoz
|
|
Now in CF: Bubba Starling
|
|
Batting: LHB Gregory Polanco
|
0-0: Called Strike 0-1: Swinging Strike 0-2: Ball 1-2: Ball 2-2: Strikes out swinging
|
Batting: RHB Phillip Ervin
|
0-0: Ball 1-0: Called Strike 1-1: Foul Ball, location: 2F 1-2: Strikes out looking
|
Pinch Hitting: LHB Tony Wolters
|
0-0: Called Strike 0-1: Ball 1-1: Swinging Strike 1-2: Strikes out swinging
|
Top of the 9th over - 0 runs, 0 hits, 0 errors, 0 left on base; Cincinnati 4 - San Francisco 2 |
BOTTOM OF THE 9TH |
San Francisco Giants batting - Pitching for Cincinnati Reds : LHP Lewis Thorpe
|
Pitching: LHP Rex Brothers
|
|
Now at C: Tony Wolters
|
|
Pinch Hitting: RHB Ridge Smith
|
0-0: Called Strike 0-1: Fly out, F8 (Flyball, 8RM, EV 87.5 MPH)
|
Pinch Hitting: RHB Kevin Padlo
|
0-0: Foul Ball, location: 2F 0-1: Swinging Strike 0-2: Strikes out swinging
|
Pinch Hitting: LHB Travis Jankowski
|
0-0: Called Strike 0-1: Foul Ball, location: 2F 0-2: Foul Ball, location: 2F 0-2: Foul Ball, location: 2F 0-2: Ball 1-2: Strikes out swinging
|
Bottom of the 9th over - 0 runs, 0 hits, 0 errors, 0 left on base; Cincinnati 4 - San Francisco 2 |
|